 Dungeon Crawl Stone Soup version 0.31-a0-1529-g7bd419a0e5 (webtiles) character file.

Game seed: 11311603954781143164

758 demibob the Twirler (level 7, 0/52 HPs)
             Began as a Demonspawn Chaos Knight on Dec 31, 2023.
             Was a Plaything of Xom.
             Slain by a gnoll
             ... wielding a +0 spear
             ... led by a gnoll bouda
              (7 damage)
             ... on level 6 of the Dungeon.
             The game lasted 00:06:32 (4594 turns).

demibob the Twirler (Demonspawn Chaos Knight)       Turns: 4594, Time: 00:06:33

Health: 0/52       AC: 12    Str: 16 (18) XL:     7   Next: 50%
Magic:  7/7        EV: 11    Int: 20 (21) God:    Xom [*.....]
Gold:   313        SH:  0    Dex:  8 (12) Spells: 6/6 levels left

rFire   . . .        a - staff of air {!a}
rCold   . . .        (no shield)
rNeg    . . .        b - +3 leather armour
rPois   .            n - +2 hat
rElec   +            (no cloak)
rCorr   .            i - +0 pair of gloves
SInv    .            m - +0 pair of boots
Will    .....        (no amulet)
Stlth   +            S - +6 ring of strength
HPRegen 0.28/turn    I - +6 ring of intelligence
MPRegen 0.10/turn

%: no passive effects
@: mighty
A: horns 2, slimy green scales 1, powered by pain 1, deterioration 1, inability
to drink after injury 1
a: Renounce Religion


You were on level 6 of the Dungeon.
You worshipped Xom.
You were a special plaything of Xom.
You visited 1 branch of the dungeon, and saw 6 of its levels.

You collected 313 gold pieces.


Innate Abilities, Weirdness & Mutations

You have a pair of horns on your head.
You are partially covered in slimy green scales. (AC +2)
You sometimes gain a little power by taking damage.
Your body sometimes deteriorates upon taking damage.
You occasionally lose the ability to drink potions when taking damage.


   Skills:
 - Level 3.0 Fighting
 - Level 3.9(5.5) Maces & Flails
 + Level 6.0(6.5) Staves
 - Level 1.7 Armour
 - Level 0.8 Dodging
 - Level 0.1 Air Magic
 + Level 3.6 Evocations


You had 6 spell levels left.
You didn't know any spells.
Your spell library contained the following spells:

 Spells                   Type           Power      Damage    Failure   Level
 Kiss of Death            Conj/Necr      0%         2d5       24%         1
 Sandblast                Erth           0%         2d4       24%         1
 Confusing Touch          Hex            0%         N/A       56%         3
 Passwall                 Erth           0%         N/A       56%         3
 Stone Arrow              Conj/Erth      0%         3d7       56%         3
 Brom's Barrelling Bould  Conj/Erth      0%         2d3       93%         4
 Dispel Undead            Necr           0%         3d6       93%         4

Inventory:

Hand Weapons
 d - a +0 mace of chaos
Armour
 b - a +3 leather armour (worn)
 i - a +0 pair of gloves (worn)
 m - a +0 pair of boots (worn)
 n - a +2 hat (worn)
Magical Staves
 a - a staff of air (weapon) {!a}
Jewellery
 I - a +6 ring of intelligence (right hand)
 S - a +6 ring of strength (left hand)
Wands
 f - a wand of paralysis (13)
Scrolls
 c - a scroll of revelation
 l - a scroll of enchant armour
 o - 2 scrolls of identify {@r1}
 q - a scroll of immolation
Potions
 e - a potion of might
 h - 3 potions of ambrosia
 j - a potion of magic

Dungeon Overview and Level Annotations

Branches:
Dungeon (6/15)
 Temple: D:4-7

Altars:
Dithmenos
Kikubaaqudgha
Vehumet
Wu Jian
Yredelemnul

Shops:
D:4 :(   D:5 :

Annotations:
D:4 1 runed translucent door, AstroCodex24's ghost, novice DgFi

##....###
#.#.###.......###
#................
#######.......##.
########...####).
.................
########...####.
#########.##
......))@..#
###.##g##.......
#. #.#####. #.
#.# #. #.# #. #.#
#. #.# #/ .#


You could see a gnoll.


Message History

The gnoll bouda closely misses you.
You hit the gnoll bouda!
You kill the gnoll bouda!
The gnoll hits you from afar with a +0 spear.
* * * LOW HITPOINT WARNING * * *
You hit the gnoll.
The gnoll is lightly wounded.
The gnoll closely misses you. x2
You hit the gnoll.
The gnoll is heavily wounded.
The gnoll hits you but does no damage. The gnoll hits you with a +0 club.
* * * LOW HITPOINT WARNING * * *
You hit the gnoll!
You kill the gnoll!
The gnoll barely misses you.
Your Staves skill increases to level 6!
You hit the gnoll.
The gnoll is lightly wounded.
The gnoll is no longer moving quickly.
The gnoll barely misses you. The gnoll closely misses you.
You barely miss the gnoll. You headbutt the gnoll.
The gnoll is moderately wounded.
The gnoll closely misses you. x2
You hit the gnoll.
The gnoll is electrocuted.
The gnoll is moderately wounded.
The gnoll hits you but does no damage.
You hit the gnoll!
You kill the gnoll!
The gnoll hits you from afar with a +0 spear!
You die...

Skill      XL: |  1  2  3  4  5  6  7 |
---------------+----------------------+-----
Maces & Flails | 3 |  3.9
Staves         | 2 4 5 6 |  6.0
Evocations     | 2 3 |  3.6
Fighting       | |  3.0
Armour         | |  1.7
Dodging        | |  0.8
Air Magic      | |  0.1

Action                     |  1- 3 |  4- 6 |  7- 9 || total
---------------------------+-------+-------+-------++-------
  Melee: Mace              |    81 |   155 |    24 ||   260
         Headbutt          |       |    24 |    16 ||    40
         Staff             |       |       |    48 ||    48
    Use: Scroll            |     3 |     5 |     2 ||    10
         Potion            |       |     6 |     1 ||     7
 Armour: Leather armour    |    62 |    81 |    58 ||   201
         Skin              |       |    42 |       ||    42
  Dodge: Dodged            |    65 |    67 |    49 ||   181

Levels and vault maps discovered:
D:1:      onia_arrival_mini_maze, layout_basic, nrook_mini_backslash
D:2:      layout_basic, basic_altar, kennysheep_nondescript, serial_park_tiny_2,
          minmay_puff
D:3:      layout_rooms, nicolae_dithmenos_the_darkroom, serial_bayou_pond_e,
          minmay_misc_feat_tower, fountainhead, minmay_tree_intersection
D:4:      layout_loops_cross, marbit_many_paths,
          mainiacjoe_overflow_cross_hatched, ebering_ghost_inner_flame,
          nicolae_wooded_promenade
D:5:      layout_loops_cross, amcnicky_mini_rare_corridor_liquid, corexii_shack,
          nicolae_custom_books
D:6:      layout_loops_ring, nicolae_overflow_crystal_walls

Notes
Turn   | Place    | Note
-------+----------+-------------------------------------------
     0 | D:1      | demibob the Demonspawn Chaos Knight began the quest for the
                  | Orb.
     0 | D:1      | Reached XP level 1. HP: 18/18 MP: 1/1
    23 | D:1      | XOM: potion effect (haste)
    95 | D:1      | Reached skill level 3 in Maces & Flails
   141 | D:1      | XOM: potion effect (berserk rage)
   143 | D:1      | Gained mutation: You are partially covered in slimy green
                  | scales. (AC +2) [demonic ancestry]
   143 | D:1      | Reached XP level 2. HP: 24/24 MP: 2/2
   306 | D:1      | XOM: silly message
   342 | D:1      | XOM: silly message
   815 | D:2      | Found a basalt altar of Yredelemnul.
   880 | D:2      | Reached XP level 3. HP: 27/29 MP: 3/3
  1357 | D:2      | XOM: polymorph endoplasm -> howler monkey
  1359 | D:2      | Reached skill level 2 in Staves
  1359 | D:2      | Reached XP level 4. HP: 30/35 MP: 4/4
  1639 | D:2      | XOM is BORED!
  1639 | D:2      | XOM: give mutations
  1639 | D:2      | Gained mutation: You occasionally lose the ability to drink
                  | potions when taking damage. [Xom's mischief]
  1639 | D:2      | Gained mutation: You are resistant to electric shocks.
                  | (rElec) [Xom's mischief]
  1639 | D:2      | Gained mutation: You possess an exceptional clarity of
                  | mind. [Xom's mischief]
  1648 | D:2      | a rat changed into a queen bee
  1648 | D:2      | Noticed a queen bee
  1648 | D:2      | XOM: polymorph rat -> queen bee
  1654 | D:2      | Killed a queen bee
  1655 | D:2      | Reached skill level 4 in Staves
  1655 | D:2      | Reached XP level 5. HP: 29/41 MP: 5/5
  1655 | D:2      | Gained mutation: You have a pair of small horns on your
                  | head. [demonic ancestry]
  1655 | D:2      | Reached XP level 6. HP: 34/47 MP: 6/6
  1898 | D:3      | XOM: divination: detect items
  1988 | D:3      | Found a shadowy altar of Dithmenos.
  2125 | D:3      | XOM: scenery: summon butterflies
  2373 | D:4      | Found an ancient bone altar of Kikubaaqudgha.
  2430 | D:4      | XOM: stat loss: -1 Int (14/15)
  2443 | D:4      | Lost mutation: You possess an exceptional clarity of mind.
                  | [potion of mutation]
  2443 | D:4      | Lost mutation: You are resistant to electric shocks.
                  | (rElec) [potion of mutation]
  2443 | D:4      | Gained mutation: You have a pair of horns on your head.
                  | [potion of mutation]
  2443 | D:4      | Gained mutation: Your mind is acute. (Int +4, Str/Dex -1)
                  | [potion of mutation]
  2454 | D:4      | Reached skill level 5 in Staves
  2454 | D:4      | Reached skill level 1 in Evocations
  2556 | D:4      | Found a radiant altar of Vehumet.
  2623 | D:4      | Reached skill level 2 in Evocations
  2861 | D:4      | Found Muyfoigoybe's Weapon Shoppe.
  2863 | D:4      | Found Fatuphuf's Book Boutique.
  3055 | D:4      | Found a runed translucent door.
  3056 | D:4      | Noticed AstroCodex24's ghost (novice DgFi)
  3056 | D:4      | Noticed an acid dragon
  3127 | D:4      | XOM: summons 3 hostile shadow creatures
  3165 | D:5      | Entered Level 5 of the Dungeon
  3630 | D:5      | Noticed an ice beast
  3630 | D:5      | an ice beast changed into an endoplasm
  3630 | D:5      | XOM: polymorph ice beast -> endoplasm
  3670 | D:5      | Gained mutation: You sometimes gain a little power by
                  | taking damage. [demonic ancestry]
  3670 | D:5      | Reached XP level 7. HP: 34/52 MP: 7/7
  4144 | D:5      | XOM: 3-stop teleportation journey
  4156 | D:5      | Found Oroaj's Self-Published Books.
  4295 | D:5      | XOM: 2-stop teleportation journey
  4375 | D:5      | XOM: give mutations
  4375 | D:5      | Lost mutation: Your mind is acute. (Int +4, Str/Dex -1)
                  | [Xom's mischief]
  4375 | D:5      | Gained mutation: Your body sometimes deteriorates upon
                  | taking damage. [Xom's mischief]
  4451 | D:6      | XOM: blink monster(s)
  4464 | D:6      | Reached skill level 3 in Evocations
  4499 | D:6      | Found an ornate altar of the Wu Jian Council.
  4591 | D:6      | Reached skill level 6 in Staves
  4594 | D:6      | Slain by a gnoll

Vanquished Creatures
  A queen bee (D:2)
  A black bear (D:6)
  2 scorpions
  A howler monkey (D:2)
  A gnoll bouda (D:6)
  An iguana (D:5)
  11 gnolls
  4 adders
  A white imp (D:6)
  4 dart slugs
  A ribbon worm (D:2)
  7 orcs
  3 bats
  5 endoplasms
  2 giant cockroaches (D:4)
  2 hobgoblins (D:4)
  13 jackals
  8 kobolds
  4 quokkas
  7 ball pythons
  A frilled lizard (D:3)
  4 goblins
  4 rats
88 creatures vanquished.

Vanquished Creatures (collateral kills)
  A gnoll (D:4)
1 creature vanquished.

Vanquished Creatures (others)
  A scorpion zombie (D:4)
1 creature vanquished.

Grand Total: 90 creatures vanquished

Table legend: (Time is in decaauts)
 A = Elapsed time spent in this place.
 B = Non-inter-level travel time spent in this place.
 C = Inter-level travel time spent in this place.
 D = Time resting spent in this place.
 E = Time spent auto-exploring this place.
 F = Levels seen in this place.
 G = Mean time per level.
                   A        B        C        D        E       F      G
               +--------+--------+--------+--------+--------+-----+--------+
         Total |   4606 |   4473 |    133 |    247 |   3484 |   6 |  767.7 |
       Dungeon |   4606 |   4473 |    133 |    247 |   3484 |   6 |  767.7 |
               +--------+--------+--------+--------+--------+-----+--------+

Top non-repeatable levels by time:
     D:5: 1044 daAuts
     D:4: 1037 daAuts
     D:2: 950 daAuts
     D:1: 800 daAuts
     D:3: 629 daAuts
     D:6: 143 daAuts

Table legend:
 A = Non-vault XP
 B = Vault XP
 C = Vault XP percentage of total XP
 D = Non-vault monster count
 E = Vault monster count
 F = Vault count percentage of total count
                 A         B        C        D         E       F
            +---------+---------+-------+---------+---------+-------
      Total |     770 |     328 |  29.9 |      81 |       8 |   9.0
            +---------+---------+-------+---------+---------+-------
        D:1 |      34 |       1 |   2.9 |      19 |       1 |   5.0
        D:2 |      71 |     323 |  82.0 |       8 |       5 |  38.5
        D:3 |      30 |       0 |   0.0 |      10 |       0 |   0.0
        D:4 |     249 |       3 |   1.2 |      27 |       1 |   3.6
        D:5 |     143 |       1 |   0.7 |       9 |       1 |  10.0
        D:6 |     243 |       0 |   0.0 |       8 |       0 |   0.0
            +---------+---------+-------+---------+---------+-------
